 Dungeon Crawl Stone Soup version 0.17.0-26-gececa24 (webtiles) character file.

1267525 4thArraOfDagon the Impregnable (level 27, 0/234 HPs)
             Began as a Minotaur Berserker on Nov 19, 2015.
             Was the Champion of the Shining One.
             Slain by a storm dragon (6 damage)
             ... on level 3 of the Realm of Zot.
             The game lasted 04:33:01 (28228 turns).

4thArraOfDagon the Impregnable (MiBe)              Turns: 28228, Time: 04:33:01

Health: 0/234      AC: 42    Str: 25 (26) XL:     27
Magic:  42/44      EV: 14    Int: 12      God:    the Shining One [******]
Gold:   889        SH:  0    Dex: 11      Spells: 6 memorised, 43 levels left

rFire  + . .     SeeInvis +     E - +9 battleaxe (holy)
rCold  + . .     Clarity  .     z - +6 gold dragon armour
rNeg   + + +     SustAt   .     (shield currently unavailable)
rPois  +         Gourm    .     v - +3 crown of Dyrovepreva {rElec Int+2 SInv}
rElec  +         Spirit   .     b - +2 cloak {MR+}
rCorr  .         Warding  .     r - +3 pair of gauntlets of War {Slay+5}
rMut   .         Stasis   .     O - +2 pair of boots
MR     +++..                    Y - amulet of regeneration
Stlth  ..........               j - +4 ring of slaying
                                (no ring)

@: exhausted, glowing, extremely resistant to hostile enchantments, extremely
unstealthy
A: retaliatory headbutt, horns 2, blurry vision 1, clumsy 1, deformed body,
deterioration 1, frail 1, shaggy fur 1, MP-powered wands
a: Divine Shield, Cleansing Flame, Summon Divine Warrior, Renounce Religion
0: Orb of Zot
}: 15/15 runes: decaying, slimy, silver, golden, iron, obsidian, icy, bone,
abyssal, demonic, glowing, magical, fiery, dark, gossamer


You were on level 3 of the Realm of Zot.
You worshipped the Shining One.
The Shining One was exalted by your worship.
You were not hungry.

You visited 16 branches of the dungeon, and saw 88 of its levels.
You visited Pandemonium 1 time, and saw 38 of its levels.
You visited the Abyss 2 times.
You visited 2 bazaars.
You visited 1 ziggurat, and saw 15 of its levels.
You also visited: Trove, Bailey and Volcano.

You collected 3156 gold pieces.
You spent 2267 gold pieces at shops.

Inventory:

Hand Weapons
 E - a +9 battleaxe of holy wrath (weapon)
Missiles
 s - 4 throwing nets (quivered)
Armour
 b - a +2 cloak of magic resistance (worn)
 r - the +3 pair of gauntlets of War (worn) {Slay+5}
   (You found it on level 4 of a ziggurat)

   It affects your accuracy and damage with ranged weapons and melee attacks
   (+5).
 v - the +3 crown of Dyrovepreva (worn) {rElec Int+2 SInv}
   (You bought it in a shop on level 2 of the Vaults)

   It affects your intelligence (+2).
   It insulates you from electricity.
   It lets you see invisible.
 z - a +6 gold dragon armour (worn)
 O - a +2 pair of boots (worn)
Jewellery
 d - the amulet "Yruhaano" {rCorr rElec Int+2 Slay+3}
   (You found it on level 2 of a ziggurat)

   [amulet of resist corrosion]

   It protects you from acid and corrosion.
   It affects your intelligence (+2).
   It affects your accuracy and damage with ranged weapons and melee attacks
   (+3).
   It insulates you from electricity.
 j - a +4 ring of slaying (right hand)
 k - an uncursed amulet of resist mutation
 o - an uncursed amulet of rage
 p - an uncursed ring of teleportation
 w - an uncursed amulet of the gourmand {unknown}
 x - the ring of Linubbuwk {*Drain +Fly rPois Str+3}
   (You found it on level 5 of the Realm of Zot)

   [ring of flight]

   It affects your strength (+3).
   It protects you from poison.
   It lets you fly.
   It causes draining when unequipped.
 N - an uncursed amulet of stasis
 Q - a ring of the Octopus King {MP+9 AC+1 EV+1 Str+1 Int+1 Dex+1}
   (You found it on level 4 of the Depths)

   [ring of magical power]

   It affects your AC (+1).
   It affects your evasion (+1).
   It affects your strength (+1).
   It affects your intelligence (+1).
   It affects your dexterity (+1).
   It affects your magic capacity (+9).
 U - the amulet "Lofetox" {Gourm rF+ rN+ MP-9}
   (You found it on level 6 of the Pits of Slime)

   [amulet of the gourmand]

   It allows you to eat raw meat even when not hungry.
   It protects you from fire.
   It protects you from negative energy.
   It affects your magic capacity (-9).
 V - an uncursed ring of protection from cold
 W - an uncursed amulet of clarity
 X - the ring of the Magpie {rElec rPois Int+5 Stlth-}
   (You found it on level 15 of a ziggurat)

   [ring of loudness]

   It affects your intelligence (+5).
   It insulates you from electricity.
   It protects you from poison.
   It makes you less stealthy.
 Y - an amulet of regeneration (around neck)
Wands
 n - a wand of disintegration (16)
 J - a wand of digging (4)
 S - a wand of teleportation (3)
Scrolls
 a - 2 scrolls of silence
 e - 3 scrolls of teleportation
 g - 6 scrolls of fog
 h - a scroll of magic mapping
 i - a scroll of identify
 q - 14 scrolls of recharging
 y - 8 scrolls of remove curse
 L - 5 scrolls of holy word
 T - 2 scrolls of summoning
Potions
 c - 3 potions of might
 f - 2 potions of cure mutation
 H - a potion of agility
 I - 2 potions of lignification
 K - a potion of brilliance
 P - 4 potions of magic
Miscellaneous
 u - 4 phantom mirrors
 A - an ornate deck of defence {the Potion}
 B - a lamp of fire
 C - a phial of floods (inert)
 R - a stone of tremors
Comestibles
 m - 19 meat rations


   Skills:
 - Level 24.0 Fighting
 - Level 20.0 Axes
 - Level 24.1 Armour
 - Level 20.6 Dodging
 - Level 18.2 Spellcasting
 * Level 23.9 Translocations
 - Level 13.6 Invocations
 - Level 10.2 Evocations


You had 43 spell levels left.
You knew the following spells:

 Your Spells              Type           Power        Failure   Level  Hunger
a - Apportation           Tloc           ######....   0%          1    None
b - Blink                 Tloc           N/A          0%          2    None
c - Cure Poison           Pois           ##........   77%         2    None
d - Passage of Golubria   Tloc           N/A          1%          4    ##.....
e - Song of Slaying       Chrm           ##......     77%         2    None
f - Controlled Blink      Tloc           N/A          34%         8    #######


Dungeon Overview and Level Annotations

Branches:
Dungeon (15/15)            Temple (1/1) D:4            Lair (8/8) D:11
  Swamp (4/4) Lair:4       Spider (4/4) Lair:5        Slime (6/6) Lair:6
 Vaults (5/5) D:14          Crypt (3/3) Vaults:2       Tomb (3/3) Crypt:3
 Depths (5/5) D:15           Hell (1/1)                 Dis (7/7) Hell
    Geh (7/7) Hell            Coc (7/7) Hell            Tar (7/7) Hell
    Zot (5/5) Depths:5
    Orc: D:9-12

Altars:
Dithmenos
Elyvilon
Gozag
Kikubaaqudgha
Xom
Yredelemnul
The Shining One
Jiyva

Shops:
D:4 *   D:6 **   D:9 :   D:12 ?   Vaults:2 [   Vaults:5 =

Portals:
Hell: Depths:1 Depths:2 Depths:4 Depths:5
Abyss: Depths:4
Pandemonium: Depths:3

Annotations:
D:12 exclusion: ice statue
Lair:1 exclusion: 3 oklob plants
Crypt:1 Donald
Dis:7 Dispater
Geh:7 Asmodeus
Coc:7 Antaeus
Zot:2 exclusion: oklob plant


Innate Abilities, Weirdness & Mutations

You reflexively headbutt those who attack you in melee.
You have a pair of horns on your head.
Scrolls take you a little longer to read.
You are clumsy. (Dex -2)
Armour fits poorly on your strangely shaped body.
Your body sometimes deteriorates upon taking damage.
You are frail (-10% HP).
You are covered in fur (AC +1).
You expend magic power (3 MP) to strengthen your wands.


Message History

Casting: Blink
Confirm with . or Enter, or press ? or * to list all spells.
Okay, then.
Casting: Blink
Confirm with . or Enter, or press ? or * to list all spells.
You blink.
The storm dragon breathes lightning at you.
The bolt of lightning hits you! You resist.
* * * LOW HITPOINT WARNING * * *
You hear a roar! x2
Unknown command.
Drink which item? (? for menu, Esc to quit)
You feel better.
A white draconian opens the door.
The storm dragon breathes lightning at you.
The bolt of lightning hits you! You resist.
* * * LOW HITPOINT WARNING * * *
The bolt of lightning misses you.
The bolt of lightning hits the storm dragon.
The storm dragon completely resists.
The storm dragon bites you.
You die...

#.......#.#.##.#...........
........#.....##.##..........
..........#.####.............
..........#....####..........
..........#....'.?...........
..$............###...>...4...
.............########........
...........$.####...#dy......
.....###..##.@†..'........
###. ..##...D..#........ .
..##...D..D......... #
..##.d......#........
##.≈≈E≈.####........
#..⌠≈≈### ##.......
#...≈E≈≈.....#.).....
#...≈≈≈..............
+.⌠≈<≈⌠..⌠...#.......


You could see a golden dragon, 2 storm dragons, a purple draconian (berserk), a
white draconian (wandering), a moth of wrath (wandering) and 2 friendly water
elementals.

Vanquished Creatures
  Gloorx Vloq (Pan)
  the Serpent of Hell (Tar:7)
  Mnoleg (Pan)
  3 orbs of fire (Zot:5)
  Mennas (Pan)
  A juggernaut (Zig:14)
  2 ancient liches
  21 pandemonium lords
  12 greater mummies
  Frederick (Vaults:4)
  3 Killer Klowns
  6 shard shrikes
  Saint Roka (Depths:5)
  Geryon (Hell)
  A caustic shrike (Depths:4)
  5 golden dragons
  Xtahua (Vaults:3)
  3 bone dragons
  3 hellephants
  An electric golem (Zot:5)
  12 Brimstone Fiends
  18 tentacled monstrosities
  16 Ice Fiends
  5 Hell Sentinels (Pan)
  A quicksilver dragon (Vaults:5)
  21 Orb Guardians
  13 acid blobs
  2 liches
  8 titans
  11 Shadow Fiends
  An acid blob (shapeshifter) (Zig:11)
  A quicksilver dragon (shapeshifter) (Zig:11)
  3 eldritch tentacles
  22 Executioners
  3 ancient champions
  8 sphinxes
  8 tentacled starspawn
  6 shadow dragons
  2 storm dragons (Vaults:5)
  5 thorn hunters
  10 tengu reavers
  4 draconian monks
  4 frost giants
  A revenant (Crypt:2)
  2 daevas
  7 fire giants
  6 vault wardens
  3 deep elf sorcerers
  9 azure jellies
  35 balrugs
  2 draconian scorchers
  Maud (Lair:8)
  4 draconian knights
  6 ghost moths
  Aizul (Vaults:1)
  2 curse skulls (Pan)
  17 cacodemons
  4 emperor scorpions
  7 warmongers (Pan)
  4 draconian shifters
  28 reapers
  2 draconian zealots
  5 angels
  12 war gargoyles
  8 draconian annihilators
  10 very ugly things
  6 ironheart preservers
  4 salamander firebrands
  3 spriggan defenders
  3 apis (Pan)
  3 elemental wellsprings
  6 draconian callers
  4 blood saints (Pan)
  20 stone giants
  6 vampire knights
  3 ophanim (Pan)
  6 chaos champions
  4 green draconians
  7 lorocyprocas
  8 corrupters (Pan)
  A yellow draconian (Zig:9)
  5 black suns (Pan)
  4 red draconians
  6 white draconians
  8 black draconians
  13 bennus
  2 purple draconians
  3 deep elf annihilators
  7 dire elephants
  A salamander stormcaller (Vaults:5)
  4 mottled draconians
  18 green deaths
  12 fire dragons
  13 ettins
  2 jiangshi (Crypt:2)
  32 vault guards
  23 blizzard demons
  7 yaktaur captains
  2 deep elf high priests
  The ghost of heinrich the Carver, a journeyman GrWr of Nemelex Xobeh (D:12)
  10 mummy priests
  9 rakshasas
  4 death oozes
  Josephine (D:10)
  A kraken zombie (Coc:2)
  A spectral kraken (Tar:7)
  9 great orbs of eyes
  An entropy weaver (Spider:4)
  19 ice dragons
  2 hell beasts (Pan)
  9 monstrous demonspawn (Pan)
  An anaconda (Lair:8)
  A spriggan air mage (Depths:4)
  4 ghost crabs
  A death knight (Vaults:2)
  7 alligators
  18 hydras
  6 centaur warriors
  A catoblepas (Abyss:3)
  A deep troll shaman (Depths:3)
  2 dancing weapons
  4 tengu warriors
  8 ogre magi
  A queen ant (Lair:5)
  3 vampire magi
  A spriggan berserker (Depths:5)
  11 thrashing horrors
  41 sun demons
  12 hell hogs
  3 fire crabs
  4 storm dragon zombies
  2 deep troll earth magi
  23 soul eaters
  2 titan zombies
  An iron golem (Hell)
  A deep elf knight (Vaults:5)
  An iron troll (shapeshifter) (Zig:11)
  An unseen horror (shapeshifter) (Depths:3)
  12 wretched stars
  59 skeletal warriors
  A titan skeleton (Tar:7)
  A death drake (shapeshifter) (Vaults:5)
  42 death scarabs
  2 salamander mystics
  44 ice devils
  A ghost moth zombie (Geh:7)
  A death drake (Zig:12)
  An iron troll (Pan)
  A spatial maelstrom (Abyss:4)
  11 hell knights
  5 flayed ghosts
  3 cherubim
  6 anaconda zombies
  13 deep trolls
  A golden dragon zombie (Coc:7)
  12 shadow demons
  12 putrid demonspawn (Pan)
  3 unseen horrors
  5 spriggan druids
  6 giant orange brains
  10 infernal demonspawn (Pan)
  A storm dragon skeleton (Vaults:5)
  10 swamp dragons
  6 anaconda skeletons
  13 ironbrand convokers
  4 shadow wraiths
  2 shambling mangroves
  49 starcursed masses
  A wolf spider zombie (Tar:5)
  11 torturous demonspawn (Pan)
  6 gelid demonspawn (Pan)
  A lindwurm (Zig:8)
  14 hill giants
  3 shadow dragon zombies
  9 orc knights
  4 deep elf conjurers
  30 ugly things
  7 necromancers
  6 anubis guards
  2 mana vipers (shapeshifter)
  3 shadow dragon skeletons
  5 orb spiders
  19 phantasmal warriors
  6 hornets
  2 iron dragon zombies
  3 griffons
  9 salamanders
  An orc sorcerer (Abyss:3)
  6 shining eyes
  2 manticores
  20 elephants
  4 frost giant zombies
  24 sixfirhies
  19 wolf spiders
  5 wizards
  3 fire giant zombies
  An iron dragon skeleton (Coc:6)
  5 cyclopes
  A centaur zombie (D:14)
  2 frost giant skeletons
  5 dire elephant zombies
  19 rust devils
  A human skeleton (Vaults:5)
  4 worldbinders
  13 moths of wrath
  2 eyes of devastation
  4 molten gargoyles (Geh:7)
  29 orange demons
  41 smoke demons
  3 torpor snails
  4 ice statues
  3 gargoyles
  A torpor snail (shapeshifter) (Vaults:5)
  3 apocalypse crabs
  2 spectral swamp worms (Tar:7)
  7 vault sentinels
  3 black mambas
  3 titan simulacra (Coc:7)
  11 spiny frogs
  3 naga magi (D:15)
  A storm dragon simulacrum (Coc:7)
  22 hellwings
  A black draconian zombie (Coc:6)
  An emperor scorpion zombie (Tar:7)
  3 tengu conjurers
  6 efreet
  9 demonic crawlers
  22 hellions
  6 komodo dragons
  A yaktaur (shapeshifter) (Zig:15)
  8 ancient zymes
  2 dire elephant skeletons
  2 fire drakes
  2 anaconda simulacra (Coc:7)
  28 guardian mummies
  5 hydra zombies
  15 freezing wraiths
  10 trolls
  22 yaktaurs
  21 red devils
  3 giant leeches
  28 tormentors
  4 polar bears
  A deep elf priest (Vaults:5)
  10 blue devils
  2 boulder beetles
  A two-headed ogre (shapeshifter) (Abyss:1)
  2 harpy skeletons
  A trapdoor spider zombie (Crypt:2)
  An ettin zombie (Coc:7)
  3 hydra skeletons
  21 two-headed ogres
  13 raiju
  19 jumping spiders
  95 slime creatures
  A sphinx simulacrum (Vaults:3)
  16 blink frogs
  3 ice dragon zombies
  3 fire dragon zombies
  6 alligator zombies
  A death drake skeleton (Crypt:2)
  5 ushabtiu (Tomb:3)
  11 bog bodies
  2 black mamba zombies
  6 vampires
  69 flying skulls
  A spriggan (shapeshifter) (Vaults:3)
  3 wyverns
  3 ettin skeletons
  12 tarantellas
  A redback (shapeshifter) (Zig:11)
  21 trapdoor spiders
  17 shadows
  26 ynoxinuls
  A fire dragon skeleton (Crypt:3)
  18 redbacks
  5 alligator skeletons
  9 fire bats
  6 ice dragon skeletons (Coc:7)
  A tarantella (shapeshifter) (Vaults:3)
  9 water elementals
  4 deep elf fighters
  23 small abominations
  20 wraiths
  7 golden eyes
  4 spriggans
  41 yaks
  A dire elephant simulacrum (Tar:6)
  4 basilisks
  6 hungry ghosts
  5 hippogriffs
  2 wargs (Depths:5)
  35 vampire mosquitoes
  35 neqoxecs
  5 fire elementals
  3 spatial vortices (Abyss:4)
  34 chaos spawn
  17 wolves
  11 swamp worms
  11 insubstantial wisps
  7 mottled dragons
  28 orc warriors
  6 soldier ants (Lair:5)
  7 spiny frog zombies
  4 hydra simulacra (Coc:7)
  13 water moccasins
  4 eyes of draining
  A spiny frog skeleton (Hell)
  5 porcupines
  5 spiders (Spider:2)
  4 boggarts (D:15)
  8 necrophages
  9 swamp drakes
  5 hell hounds
  7 ice beasts
  47 large abominations
  A snapping turtle skeleton (Coc:7)
  An eye of draining (shapeshifter) (Vaults:3)
  10 black bears
  A centaur (shapeshifter) (D:14)
  2 sky beasts
  6 wasps
  An ettin simulacrum (Vaults:1)
  5 phantoms
  A swamp dragon skeleton (Coc:7)
  2 snapping turtle zombies (Dis:7)
  9 centaurs
  39 ogres
  20 crocodiles
  A fire drake skeleton (Crypt:2)
  12 big kobolds
  4 brain worms
  A salamander zombie (Crypt:2)
  A spider zombie (Crypt:2)
  13 giant frogs
  2 scorpions (D:14)
  10 wights
  19 killer bees
  An electric eel (D:13)
  A manticore simulacrum (Coc:7)
  2 quasits
  2 hounds
  A black bear zombie (Crypt:2)
  15 crimson imps
  2 giant frog skeletons (D:6)
  6 centaur skeletons
  7 orc priests
  Crazy Yiuf (D:3)
  3 iguanas
  14 iron imps
  18 jellies
  6 hell rats (Hell)
  Terence (D:3)
  5 sheep
  11 orc wizards
  23 worker ants
  A lightning spire (Zig:12)
  A tengu skeleton (Coc:6)
  25 mummies
  A hound skeleton (D:6)
  A worker ant zombie (D:10)
  Robin (D:3)
  5 adders
  9 white imps
  18 river rats
  6 shadow imps
  A giant eyeball (Pan)
  A giant eyeball (shapeshifter) (Vaults:5)
  2 ufetubi
  8 oozes
  An adder zombie (D:8)
  2 worms (D:4)
  2 giant geckos
  71 orcs
  A giant cockroach (D:8)
  3 hobgoblins (D:3)
  4 jackals
  16 kobolds
  A quokka (D:11)
  2 ball pythons
  A bat (D:3)
  2 giant gecko skeletons
  A giant newt (D:6)
  10 goblins (D:3)
  5 briar patches (Swamp:3)
  A fire vortex (Pan)
  A lurking horror (Abyss:2)
  2 plants (Lair:8)
  12 starspawn tentacles
  5 tentacles
3213 creatures vanquished.

Vanquished Creatures (collateral kills)
  the royal jelly (Slime:6)
  Ereshkigal (Tar:7)
  An orb of fire (Zot:5)
  A shard shrike (Coc:7)
  A golden dragon (Zot:5)
  An electric golem (Zot:5)
  An Orb Guardian (Zot:5)
  2 acid blobs (Slime:6)
  Murray (Hell)
  A thorn hunter (Swamp:4)
  An ancient champion (Hell)
  A fire giant (Zig:14)
  2 azure jellies (Slime:6)
  A draconian knight (Zig:13)
  3 cacodemons (Pan)
  A draconian shifter (Zot:5)
  A stone giant (Zig:14)
  An elemental wellspring (Coc:7)
  A green draconian (Zot:4)
  A red draconian (Zig:13)
  A purple draconian (Zot:5)
  2 mottled draconians
  2 yellow draconians
  2 blizzard demons
  4 ettins (Zig:14)
  A hydra (Swamp:4)
  3 sun demons (Hell)
  A soul eater (Hell)
  4 skeletal warriors (Hell)
  A storm dragon skeleton (Pan)
  A shadow demon (Tar:7)
  A swamp dragon (Swamp:4)
  A necromancer (Hell)
  A wolf spider (Spider:4)
  4 orb spiders (Spider:4)
  A cyclops (Zig:14)
  2 orange demons (Hell)
  A hellion (Hell)
  A jumping spider (Spider:4)
  4 red devils (Hell)
  A harpy skeleton (Coc:7)
  A redback (Spider:4)
  A trapdoor spider (Spider:4)
  A fire elemental (Hell)
  2 tarantellas (Spider:4)
  A swamp worm (Swamp:1)
  A swamp drake (Swamp:4)
  A black bear (Bazaar)
  An eye of draining (Pan)
  A necrophage (Tar:7)
  2 hell rats (Hell)
  An ogre simulacrum (Coc:7)
  A white imp (Abyss:3)
77 creatures vanquished.

Vanquished Creatures (others)
  A vault warden (Vaults:5)
  A cacodemon (Pan)
  An elemental wellspring (Coc:6)
  A bennu (Zig:10)
  A deep elf annihilator (Pan)
  A blizzard demon (Pan)
  A green death (Pan)
  3 rakshasas (Pan)
  A wizard (Pan)
  A death scarab (Tomb:2)
  A skeletal warrior (Tomb:2)
  18 ball lightnings (Pan)
  5 giant orange brains
  A gelid demonspawn (Pan)
  A swamp dragon (Zig:12)
  3 large abominations (Pan)
  3 smoke demons (Pan)
  A sixfirhy (Pan)
  A spiny frog (Zig:12)
  3 yaktaurs (Vaults:5)
  2 orange demons (Pan)
  A jumping spider (Spider:1)
  A guardian mummy (Tomb:2)
  A polar bear (Pan)
  2 trolls (Pan)
  A giant leech (Zig:12)
  A slime creature (Zig:12)
  A spriggan (Zig:12)
  2 flying skulls (Tomb:2)
  A trapdoor spider (Spider:1)
  An ice dragon skeleton (Geh:2)
  A black mamba skeleton (Geh:7)
  A vampire mosquito (Swamp:2)
  2 neqoxecs (Pan)
  An insubstantial wisp (Zig:12)
  An orc warrior (Vaults:5)
  A small abomination (Abyss:4)
  2 jellies
  4 mummies (Tomb:2)
  A goblin (D:2)
  75 eldritch tentacle segments
  2 fire vortices
  2 fungi (Lair:6)
  2 lost souls (Crypt:3)
  2 lurking horrors
  5 plants
  13 starspawn tentacles
  143 starspawn tentacle segments
  5 tentacles
  22 tentacle segments
348 creatures vanquished.

Grand Total: 3638 creatures vanquished

Notes
Turn   | Place    | Note
--------------------------------------------------------------
     0 | D:1      | 4thArraOfDagon the Minotaur Berserker began the quest for the Orb.
     0 | D:1      | Reached XP level 1. HP: 19/19 MP: 0/0
    88 | D:3      | Noticed Crazy Yiuf
    94 | D:3      | Killed Crazy Yiuf
    94 | D:3      | Reached skill level 4 in Fighting
    94 | D:3      | Reached XP level 2. HP: 27/27 MP: 1/1
    94 | D:3      | Reached XP level 3. HP: 33/33 MP: 2/2
   159 | D:3      | Noticed Terence
   181 | D:3      | Noticed Robin
   186 | D:3      | Killed Robin
   190 | D:3      | Killed Terence
   190 | D:3      | Reached XP level 4. HP: 40/40 MP: 3/3
   191 | D:3      | Reached skill level 5 in Axes
   214 | D:3      | Found a white marble altar of Elyvilon.
   230 | D:4      | Found Ugoid's Assorted Antiques.
   370 | D:4      | Reached ** piety under Trog
   428 | D:5      | Entered Level 5 of the Dungeon
   447 | D:5      | Noticed a phantom
   452 | D:5      | Reached XP level 5. HP: 47/47 MP: 4/4
   455 | D:5      | Killed a phantom
   455 | D:5      | Reached skill level 5 in Fighting
   455 | D:5      | Reached skill level 6 in Axes
   578 | D:6      | Reached XP level 6. HP: 56/56 MP: 5/5
   702 | D:6      | Found Xuagur's General Store.
   752 | D:6      | Found Gozea's Assorted Antiques.
   842 | D:6      | Found a shadowy altar of Dithmenos.
   976 | D:7      | Reached skill level 7 in Axes
  1007 | D:7      | Got an ancient robe
  1101 | D:7      | Reached XP level 7. HP: 48/62 MP: 6/6
  1107 | D:7      | Reached skill level 5 in Armour
  1115 | D:7      | Noticed a hungry ghost
  1138 | D:7      | Killed a hungry ghost
  1208 | D:8      | Reached skill level 8 in Axes
  1297 | D:4      | Got an emerald-encrusted chain mail
  1308 | D:4      | Identified the cursed +0 chain mail of Soapsuan {rF- Str+6 Int+2} (You found it on level 4 of the Dungeon)
  1308 | D:4      | :(
  1388 | D:4      | Bought a scroll labeled WEZAOR FAPRIWO for 28 gold pieces
  1388 | D:4      | Bought a runed battleaxe for 182 gold pieces
  1496 | D:9      | Reached XP level 8. HP: 71/71 MP: 7/7
  1500 | D:9      | Reached *** piety under Trog
  1501 | D:9      | Reached skill level 9 in Axes
  1522 | D:9      | Noticed a troll
  1539 | D:9      | Killed a troll
  1589 | D:9      | Reached skill level 10 in Axes
  1661 | D:9      | Found Xyneqoi's Book Emporium.
  1673 | D:9      | Reached XP level 9. HP: 40/81 MP: 8/8
  1722 | D:10     | Entered Level 10 of the Dungeon
  1777 | D:10     | Noticed a centaur skeleton
  1786 | D:10     | Killed a centaur skeleton
  1786 | D:10     | Reached skill level 11 in Axes
  1822 | D:10     | Noticed a centaur skeleton
  1829 | D:10     | Killed a centaur skeleton
  1836 | D:10     | Noticed a hill giant
  1840 | D:10     | Killed a hill giant
  1840 | D:10     | Reached skill level 12 in Axes
  1843 | D:10     | Reached **** piety under Trog
  1917 | D:10     | Found a flagged portal.
  1926 | Bailey   | Entered a bailey
  1927 | Bailey   | :(
  1953 | D:12     | Reached XP level 10. HP: 91/91 MP: 9/9
  1971 | D:12     | Found Lapha's Magic Scroll Emporium.
  2016 | D:12     | Noticed a manticore
  2026 | D:12     | Killed a manticore
  2031 | D:12     | Reached skill level 13 in Axes
  2047 | D:11     | Found a staircase to the Lair.
  2101 | D:11     | Got a fine glaive
  2134 | D:12     | Reached skill level 10 in Fighting
  2153 | D:12     | Identified the +6 glaive "Fuolig" {speed, *Confuse rElec rPois Dex+4} (You found it on level 11 of the Dungeon)
  2167 | D:12     | Noticed a white ugly thing
  2187 | D:12     | Killed a white ugly thing
  2187 | D:12     | Reached skill level 10 in Armour
  2201 | D:12     | Gained mutation: Your system is resistant to poisons. [mutagenic meat]
  2232 | D:12     | Bought a scroll of blinking for 90 gold pieces
  2232 | D:12     | Bought a scroll of identify for 24 gold pieces
  2232 | D:12     | Bought a scroll of noise for 12 gold pieces
  2264 | D:12     | Noticed a hill giant
  2273 | D:12     | Killed a hill giant
  2273 | D:12     | Reached skill level 14 in Axes
  2299 | D:12     | Noticed a komodo dragon
  2300 | D:12     | Noticed a cyan ugly thing
  2328 | D:12     | Killed a komodo dragon
  2332 | D:12     | Reached XP level 11. HP: 101/101 MP: 10/10
  2334 | D:12     | Killed a cyan ugly thing
  2376 | D:12     | Noticed heinrich's ghost (journeyman GrWr)
  2424 | D:12     | Killed heinrich's ghost
  2456 | D:12     | Noticed a white ugly thing
  2461 | D:12     | Killed a white ugly thing
  2471 | D:12     | Noticed a hill giant
  2648 | D:13     | Reached skill level 15 in Axes
  2725 | D:14     | Reached skill level 17 in Axes
  2725 | D:14     | Reached XP level 12. HP: 105/110 MP: 11/11
  2856 | D:14     | Found a portal to a secret trove of treasure.
  2965 | D:14     | Found a gate to the Vaults.
  2965 | D:14     | Noticed a vault guard
  2965 | D:14     | Noticed a tengu warrior
  2965 | D:14     | Noticed a vault guard
  2965 | D:14     | Noticed a vault guard
  2965 | D:14     | Noticed a vault guard
  2972 | D:14     | Killed a vault guard
  2974 | D:14     | Killed a tengu warrior
  2978 | D:14     | Killed a vault guard
  2981 | D:14     | Killed a vault guard
  2981 | D:14     | Reached skill level 18 in Axes
  2987 | D:14     | Killed a vault guard
  2992 | D:14     | Killed an unseen horror
  3002 | D:14     | Noticed a tengu warrior
  3009 | D:14     | Killed a tengu warrior
  3009 | D:14     | Reached XP level 13. HP: 80/118 MP: 12/12
  3034 | D:14     | Noticed a centaur warrior
  3047 | D:14     | Killed a centaur warrior
  3073 | D:14     | Noticed a centaur warrior
  3090 | D:14     | Killed a centaur warrior
  3104 | D:14     | Gained mutation: Your spells are a little easier to cast, but a little less powerful. [mutagenic meat]
  3133 | D:14     | Lost mutation: Your spells are a little easier to cast, but a little less powerful. [mutagenic meat]
  3135 | D:14     | Gained mutation: Your magical capacity is low (-10% MP). [mutagenic meat]
  3136 | D:14     | Gained mutation: Your magical capacity is very low (-20% MP). [mutagenic meat]
  3157 | D:14     | Noticed a tengu reaver
  3172 | D:14     | Killed a tengu reaver
  3172 | D:14     | Reached skill level 19 in Axes
  3188 | D:14     | Gained mutation: You are covered in fur (AC +1). [mutagenic meat]
  3189 | D:14     | Gained mutation: You are somewhat resistant to further mutation. [mutagenic meat]
  3190 | D:14     | Gained mutation: Your magical capacity is extremely low (-30% MP). [mutagenic meat]
  3191 | D:14     | Gained mutation: You have sharp toenails. [mutagenic meat]
  3254 | D:14     | Noticed a stone giant
  3265 | D:14     | Killed a stone giant
  3272 | D:14     | Noticed a centaur warrior
  3283 | D:14     | Killed a centaur warrior
  3371 | D:14     | Noticed a hill giant
  3373 | D:14     | Noticed an ettin
  3377 | D:14     | Killed a hill giant
  3388 | D:14     | Killed an ettin
  3423 | D:14     | Noticed a four-headed hydra
  3429 | D:14     | Killed a five-headed hydra
  3498 | D:15     | Entered Level 15 of the Dungeon
  3676 | D:15     | Reached skill level 20 in Axes
  3698 | D:15     | Reached XP level 14. HP: 118/130 MP: 8/8
  3815 | D:13     | Noticed a centaur warrior
  3826 | D:13     | Noticed a centaur warrior
  3829 | D:13     | Killed a centaur warrior
  3840 | D:13     | Killed a centaur warrior
  3905 | D:12     | Killed a hill giant
  3915 | D:12     | Noticed an ice statue
  3996 | D:11     | Found a shimmering altar of Xom.
  3999 | D:11     | Reached ***** piety under Trog
  4121 | D:11     | Noticed a gargoyle
  4128 | D:11     | Killed a gargoyle
  4200 | Lair:1   | Entered Level 1 of the Lair of Beasts
  4400 | Lair:2   | Found a dark tunnel.
  4410 | Volcano  | Entered a volcano
  4787 | Lair:5   | Reached skill level 15 in Fighting
  4942 | Lair:6   | Reached skill level 15 in Armour
  4983 | Lair:6   | Found a staircase to the Slime Pits.
  5031 | Lair:6   | Reached ****** piety under Trog
  5031 | Lair:6   | Received a gift from Trog
  5197 | Lair:7   | come on
  5225 | Lair:8   | Entered Level 8 of the Lair of Beasts
  5324 | Lair:8   | Noticed Maud
  5335 | Lair:8   | Killed Maud
  5335 | Lair:8   | Reached XP level 15. HP: 109/144 MP: 6/9
  5635 | Lair:8   | Received a gift from Trog
  5980 | Lair:4   | Found a staircase to the Swamp.
  6009 | Swamp:1  | Entered Level 1 of the Swamp
  6186 | Swamp:1  | Noticed a thorn hunter
  6198 | Swamp:1  | Killed a thorn hunter
  6333 | Swamp:2  | You fall through a shaft!
  6333 | Swamp:3  | Noticed a thorn hunter
  6339 | Swamp:3  | Killed a thorn hunter
  6491 | Swamp:3  | Noticed a thorn hunter
  6492 | Swamp:4  | Entered Level 4 of the Swamp
  6535 | Swamp:4  | Noticed a thorn hunter
  6540 | Swamp:4  | Killed a thorn hunter
  6571 | Swamp:4  | Reached XP level 16. HP: 21/157 MP: 10/10
  6579 | Swamp:4  | Reached skill level 1 in Evocations
  6632 | Swamp:4  | Received a gift from Trog
  6737 | Swamp:4  | Got a decaying rune of Zot
  6816 | Swamp:3  | Noticed a thorn hunter
  6872 | Swamp:3  | Killed a thorn hunter
  7166 | Lair:5   | Found a hole to the Spider Nest.
  7175 | Spider:1 | Entered Level 1 of the Spider Nest
  7244 | Spider:2 | Received a gift from Trog
  7399 | Spider:4 | Entered Level 4 of the Spider Nest
  7533 | Spider:4 | Reached skill level 5 in Evocations
  7800 | Spider:4 | Received a gift from Trog
  7801 | Spider:4 | Got a warped broad axe {god gift}
  7806 | Spider:4 | Got a gossamer rune of Zot
  7909 | Spider:1 | Reached XP level 17. HP: 168/168 MP: 14/14
  8076 | Slime:1  | Entered Level 1 of the Pits of Slime
  8143 | Slime:1  | Identified the +1 broad axe of Buachy {drain, rElec MR+ Int+3 Dex-4} (Trog gifted it to you on level 4 of the Spider Nest)
  8286 | Slime:6  | Entered Level 6 of the Pits of Slime
  8289 | Slime:6  | Received a gift from Trog
  8369 | Slime:6  | Noticed the royal jelly
  8893 | Slime:6  | Found a viscous altar of Jiyva.
  9026 | Slime:6  | Killed the royal jelly
  9094 | Slime:6  | Reached XP level 18. HP: 47/180 MP: 15/15
  9107 | Slime:6  | Got a heavily runed hat
  9113 | Slime:6  | Identified the +0 hat "Ynle" {*Confuse rElec MR+ Dex+7} (You found it on level 6 of the Pits of Slime)
  9125 | Slime:6  | Identified the Reference Book on Execration
  9159 | Slime:6  | Got a scintillating sapphire amulet
  9168 | Slime:6  | Identified the amulet "Lofetox" {Gourm rF+ rN+ MP-9} (You found it on level 6 of the Pits of Slime)
  9218 | Slime:6  | Got a slimy rune of Zot
  9225 | Slime:6  | Got an encrusted ring mail
  9231 | Slime:6  | Identified the +9 ring mail of Qetem {Str+2} (You found it on level 6 of the Pits of Slime)
  9584 | Vaults:1 | Entered Level 1 of the Vaults
  9656 | Vaults:1 | Reached skill level 21 in Fighting
  9736 | Vaults:1 | Noticed Aizul
  9751 | Vaults:1 | Killed Aizul
 10039 | Vaults:2 | Found Aqibekh's Antique Armour Emporium.
 10076 | Vaults:2 | Found a flickering gateway to a bazaar.
 10103 | Bazaar   | Entered a bazaar
 10106 | Bazaar   | Found Kiku's Magic Scroll Shoppe.
 10112 | Bazaar   | Found Baymeoc's Antique Weapon Emporium.
 10116 | Bazaar   | Found Yhyny's Assorted Antiques.
 10125 | Bazaar   | Bought a cyan potion for 18 gold pieces
 10125 | Bazaar   | Bought a scroll of identify for 42 gold pieces
 10125 | Bazaar   | Bought a scroll of identify for 42 gold pieces
 10125 | Bazaar   | Bought a scroll of identify for 42 gold pieces
 10127 | Bazaar   | Found Podal's Distillery.
 10135 | Bazaar   | Found Nauket's Book Shoppe.
 10151 | Bazaar   | Bought a potion of heal wounds for 45 gold pieces
 10151 | Bazaar   | Bought a potion of curing for 27 gold pieces
 10210 | Vaults:2 | Bought the +3 crown of Dyrovepreva {rElec Int+2 SInv} for 1035 gold pieces
 10474 | Vaults:3 | Received a gift from Trog
 10536 | Vaults:5 | Entered Level 5 of the Vaults
 10544 | Vaults:5 | :(
 10553 | Vaults:5 | Reached skill level 22 in Armour
 10646 | Vaults:5 | Received a gift from Trog
 10677 | Vaults:5 | Found Torixas's Jewellery Shoppe.
 10691 | Vaults:5 | Reached XP level 19. HP: 152/193 MP: 7/16
 10714 | Vaults:5 | Got a silver rune of Zot
 11102 | Vaults:5 | Reached skill level 23 in Fighting
 11295 | Vaults:5 | Got a heavily runed lead amulet
 11312 | Vaults:5 | Identified Fumin's Reference Book on Floating Battle Magic (You found it on level 5 of the Vaults)
 11485 | Vaults:5 | Got a shimmering chain mail
 11576 | Vaults:5 | Received a gift from Trog
 11692 | Vaults:5 | Identified the amulet "Inepasor" {Gourm +Fly rF+} (You found it on level 5 of the Vaults)
 11704 | Vaults:5 | Identified the +1 chain mail "Tanaech" {Slay+2} (You found it on level 5 of the Vaults)
 11826 | Vaults:5 | Bought an uncursed amulet of rage for 680 gold pieces
 11975 | Vaults:3 | Reached XP level 20. HP: 206/206 MP: 17/17
 11984 | Vaults:3 | Reached skill level 5 in Dodging
 12009 | Vaults:3 | Noticed Xtahua
 12017 | Vaults:3 | Killed Xtahua
 12091 | Vaults:3 | Reached skill level 24 in Armour
 12133 | Vaults:4 | Noticed Frederick
 12145 | Vaults:4 | Killed Frederick
 12379 | D:14     | Noticed a centaur warrior
 12384 | D:14     | Killed a centaur warrior
 12409 | D:14     | Identified Vokozxutt's Tome of Augmentations
 12492 | D:10     | Noticed Josephine
 12496 | D:10     | Killed Josephine
 12637 | D:4      | Found a staircase to the Ecumenical Temple.
 12646 | Temple   | Entered the Ecumenical Temple
 12650 | Temple   | Fell from the grace of Trog
 12650 | Temple   | Became a worshipper of the Shining One
 12826 | D:13     | Learned a level 1 spell: Apportation
 12829 | D:13     | Learned a level 2 spell: Blink
 12832 | D:13     | Learned a level 2 spell: Cure Poison
 12837 | D:13     | Learned a level 4 spell: Passage of Golubria
 12840 | D:13     | Learned a level 2 spell: Song of Slaying
 12897 | D:15     | Reached skill level 10 in Dodging
 12998 | D:15     | Found a staircase to the Depths.
 13016 | Depths:1 | Entered Level 1 of the Depths
 13037 | Depths:2 | Found a gateway to a bazaar.
 13140 | Depths:2 | Found a gateway to Hell.
 13202 | Depths:2 | Reached * piety under the Shining One
 13230 | Depths:2 | HP: 5/206 [stone giant (27)]
 13237 | Depths:2 | HP: 10/206 [stone giant (12)]
 13594 | Depths:4 | Found a one-way gate to the infinite horrors of the Abyss.
 13601 | Depths:4 | Voluntarily entered the Abyss.
 13624 | Abyss:1  | Reached ** piety under the Shining One
 13780 | Abyss:1  | Reached skill level 1 in Translocations
 13844 | Abyss:1  | Reached *** piety under the Shining One
 13927 | Abyss:1  | Reached skill level 1 in Spellcasting
 14238 | Abyss:2  | Reached **** piety under the Shining One
 14353 | Abyss:2  | Reached ***** piety under the Shining One
 14533 | Abyss:2  | Reached XP level 21. HP: 122/214 MP: 17/17
 14624 | Abyss:3  | Found a corrupted altar of Lugonu.
 14779 | Abyss:3  | Reached skill level 1 in Invocations
 14838 | Abyss:3  | Reached skill level 5 in Translocations
 14974 | Abyss:3  | Reached ****** piety under the Shining One
 15051 | Abyss:3  | Identified a +9 battleaxe of holy wrath (a +9 battleaxe of draining blessed by the Shining One)
 15051 | Abyss:3  | Received a gift from the Shining One
 15112 | Abyss:4  | Found a corrupted altar of Lugonu.
 15331 | Abyss:4  | Reached skill level 5 in Invocations
 15802 | Abyss:5  | Entered Level 5 of the Abyss
 15808 | Abyss:5  | Got an abyssal rune of Zot
 15832 | Abyss:5  | Found a corrupted altar of Lugonu.
 16013 | Depths:4 | Escaped the Abyss
 16133 | Depths:4 | Noticed a caustic shrike
 16146 | Depths:4 | Killed a caustic shrike
 16196 | Depths:4 | Got a ring of the Octopus King
 16203 | Depths:4 | Identified a ring of the Octopus King {MP+9 AC+1 EV+1 Str+1 Int+1 Dex+1} (You found it on level 4 of the Depths)
 16350 | D:14     | You showed the abyssal rune of Zot to enter a treasure trove
 16351 | Trove    | Entered a treasure trove
 16357 | Trove    | quality
 16508 | Bazaar   | Entered a bazaar
 16510 | Bazaar   | Found Atsaqunn's Jewellery Shop.
 16511 | Bazaar   | Found Keso's Assorted Antiques.
 16515 | Bazaar   | Found Fiol's Magic Scroll Shop.
 16539 | Bazaar   | Found Koaneim's Distillery.
 16769 | Depths:3 | Reached XP level 22. HP: 82/222 MP: 19/19
 16836 | Depths:3 | Found a gateway to a ziggurat.
 16844 | Zig:1    | Entered Level 1 of a ziggurat
 16862 | Zig:2    | Entered Level 2 of a ziggurat
 16890 | Zig:2    | Got a warped golden amulet
 16893 | Zig:2    | Identified the amulet "Yruhaano" {rCorr rElec Int+2 Slay+3} (You found it on level 2 of a ziggurat)
 16921 | Zig:3    | Entered Level 3 of a ziggurat
 16953 | Zig:4    | Entered Level 4 of a ziggurat
 17011 | Zig:5    | Entered Level 5 of a ziggurat
 17047 | Zig:6    | Entered Level 6 of a ziggurat
 17057 | Zig:6    | Reached skill level 5 in Spellcasting
 17080 | Zig:6    | Identified a scroll of acquirement
 17109 | Zig:7    | Entered Level 7 of a ziggurat
 17150 | Zig:7    | Reached skill level 10 in Invocations
 17150 | Zig:7    | Reached XP level 23. HP: 156/229 MP: 20/20
 17153 | Zig:7    | Got a crude war axe
 17155 | Zig:7    | Identified the +1 war axe of the Eternal Warrior {flame, rN++ Int+2 Dex-5 SInv} (You found it on level 7 of a ziggurat)
 17173 | Zig:8    | Entered Level 8 of a ziggurat
 17247 | Zig:9    | Entered Level 9 of a ziggurat
 17312 | Zig:9    | Learned a level 8 spell: Controlled Blink
 17320 | Zig:10   | Entered Level 10 of a ziggurat
 17340 | Zig:10   | Noticed a greater mummy
 17349 | Zig:10   | Killed a greater mummy
 17353 | Zig:10   | Noticed a greater mummy
 17364 | Zig:10   | Killed a greater mummy
 17364 | Zig:10   | Reached skill level 10 in Translocations
 17451 | Zig:11   | Entered Level 11 of a ziggurat
 17465 | Zig:11   | Noticed Tuteeps the pandemonium lord
 17481 | Zig:11   | Killed Tuteeps the pandemonium lord
 17499 | Zig:11   | Reached XP level 24. HP: 76/238 MP: 21/21
 17502 | Zig:11   | Got a glittering wooden ring
 17504 | Zig:11   | Identified the ring "Iveyl" {+Fly Str+3} (You found it on level 11 of a ziggurat)
 17510 | Zig:11   | Identified a +7 rod of clouds (13/13) (You found it on level 11 of a ziggurat)
 17604 | Zig:12   | Entered Level 12 of a ziggurat
 17697 | Zig:12   | Reached XP level 25. HP: 186/245 MP: 22/22
 17718 | Zig:13   | Entered Level 13 of a ziggurat
 17775 | Zig:13   | Reached XP level 26. HP: 221/254 MP: 22/22
 17793 | Zig:13   | Got a bound ivory ring
 17795 | Zig:13   | Identified the ring of Zewaze {*Corrode Str+7 Dex+3 Stlth+} (You found it on level 13 of a ziggurat)
 17797 | Zig:14   | Entered Level 14 of a ziggurat
 17847 | Zig:14   | Noticed a juggernaut
 17859 | Zig:14   | Killed a juggernaut
 17941 | Zig:15   | Entered Level 15 of a ziggurat
 17961 | Zig:15   | Paralysed by accursed screaming for 1 turns
 17970 | Zig:15   | Paralysed by accursed screaming for 2 turns
 17978 | Zig:15   | Paralysed by accursed screaming for 2 turns
 18010 | Zig:15   | Reached XP level 27. HP: 243/261 MP: 23/23
 18012 | Zig:15   | Got a transparent copper ring
 18026 | Zig:15   | Identified the ring of the Magpie {rElec rPois Int+5 Stlth-} (You found it on level 15 of a ziggurat)
 18110 | Depths:3 | Found a one-way gate leading to the halls of Pandemonium.
 18132 | Pan      | Entered Pandemonium
 18243 | Pan      | Noticed Jaruxute the pandemonium lord
 18251 | Pan      | Killed Jaruxute the pandemonium lord
 18261 | Pan      | Entered the realm of Lom Lobon.
 18384 | Pan      | Noticed Lom Lobon
 18497 | Pan      | Got a magical rune of Zot
 18652 | Pan      | Noticed Ineah the pandemonium lord
 18660 | Pan      | Killed Ineah the pandemonium lord
 18676 | Pan      | Entered the realm of Cerebov.
 18812 | Pan      | Reached skill level 10 in Spellcasting
 18846 | Pan      | Noticed Cerebov
 19022 | Pan      | Got a fiery rune of Zot
 19045 | Pan      | Noticed Lom Lobon
 19159 | Pan      | Noticed Mennas
 19243 | Pan      | Found an exit through the horrors of the Abyss.
 19250 | Pan      | Noticed Mennas
 19253 | Pan      | Noticed Fatenix the pandemonium lord
 19537 | Pan      | Noticed Lom Lobon
 19552 | Pan      | Found an exit through the horrors of the Abyss.
 19554 | Pan      | Noticed Cerebov
 19601 | Pan      | Noticed Xizypnot the pandemonium lord
 19611 | Pan      | Killed Xizypnot the pandemonium lord
 19712 | Pan      | Noticed Nam Sito the pandemonium lord
 19722 | Pan      | Killed Nam Sito the pandemonium lord
 19858 | Pan      | Noticed Mueb the pandemonium lord
 19862 | Pan      | Killed Mueb the pandemonium lord
 19932 | Pan      | Noticed Cerebov
 19939 | Pan      | Found an exit through the horrors of the Abyss.
 19981 | Pan      | Noticed Weonk the pandemonium lord
 19993 | Pan      | Killed Weonk the pandemonium lord
 20025 | Pan      | Entered the realm of Mnoleg.
 20134 | Pan      | Gained mutation: Scrolls take you a little longer to read. [a cacodemon]
 20197 | Pan      | Noticed Mnoleg
 20213 | Pan      | Killed Mnoleg
 20239 | Pan      | Paralysed by a giant eyeball for 3 turns
 20291 | Pan      | Got a glowing rune of Zot
 20297 | Pan      | Found an exit through the horrors of the Abyss.
 20303 | Pan      | Entered the realm of Gloorx Vloq.
 20327 | Pan      | Noticed Gloorx Vloq
 20333 | Pan      | Killed Gloorx Vloq
 20333 | Pan      | Reached skill level 15 in Spellcasting
 20340 | Pan      | Got a dark rune of Zot
 20385 | Pan      | Noticed Mennas
 20408 | Pan      | Killed Mennas
 20484 | Pan      | Noticed Wybluk the pandemonium lord
 20490 | Pan      | Killed Wybluk the pandemonium lord
 20731 | Pan      | Noticed Qycwis the pandemonium lord
 20738 | Pan      | Killed Qycwis the pandemonium lord
 20860 | Pan      | Noticed Qocw the pandemonium lord
 20874 | Pan      | Killed Qocw the pandemonium lord
 20930 | Pan      | Noticed Vuogimp the pandemonium lord
 20932 | Pan      | Killed Vuogimp the pandemonium lord
 21017 | Pan      | Noticed Buigy the pandemonium lord
 21026 | Pan      | Killed Buigy the pandemonium lord
 21125 | Pan      | Noticed Lunur the pandemonium lord
 21137 | Pan      | Killed Lunur the pandemonium lord
 21199 | Pan      | Noticed Nemasar the pandemonium lord
 21207 | Pan      | Killed Nemasar the pandemonium lord
 21224 | Pan      | Reached skill level 15 in Dodging
 21323 | Pan      | Noticed Nekh the pandemonium lord
 21331 | Pan      | Killed Nekh the pandemonium lord
 21407 | Pan      | Noticed Ruofut the pandemonium lord
 21431 | Pan      | Killed Ruofut the pandemonium lord
 21447 | Pan      | Noticed Lom Lobon
 21469 | Pan      | Noticed Kanginaqi the pandemonium lord
 21479 | Pan      | Killed Kanginaqi the pandemonium lord
 21652 | Pan      | Noticed Caor the pandemonium lord
 21665 | Pan      | Killed Caor the pandemonium lord
 21668 | Pan      | Got a demonic rune of Zot
 21680 | Pan      | Noticed Piusul the pandemonium lord
 21692 | Pan      | Killed Piusul the pandemonium lord
 21790 | Pan      | Noticed Zaomp the pandemonium lord
 21798 | Pan      | Killed Zaomp the pandemonium lord
 21854 | Pan      | Found an exit through the horrors of the Abyss.
 21864 | Pan      | Took an exit into the Abyss.
 21864 | Abyss:1  | Escaped into the Abyss
 21865 | Abyss:1  | Found an opulent altar of Gozag.
 21901 | Depths:3 | Escaped the Abyss
 21917 | Hell     | Entered the Vestibule of Hell
 21917 | Hell     | Noticed Geryon
 21921 | Hell     | Noticed Murray
 21945 | Hell     | Killed Murray
 21955 | Hell     | Killed Geryon
 21955 | Hell     | Reached skill level 15 in Translocations
 22007 | Hell     | Found a gateway to the ashen valley of Gehenna.
 22018 | Geh:1    | Entered Level 1 of Gehenna
 22129 | Geh:7    | Entered Level 7 of Gehenna
 22324 | Geh:7    | Noticed Asmodeus
 22326 | Geh:7    | Got an obsidian rune of Zot
 22451 | Hell     | Found a gateway to the decaying netherworld of Tartarus.
 22462 | Tar:1    | Entered Level 1 of Tartarus
 22677 | Tar:7    | Entered Level 7 of Tartarus
 22906 | Tar:7    | Noticed the Serpent of Hell
 22927 | Tar:7    | Killed the Serpent of Hell
 22945 | Tar:7    | Noticed Ereshkigal
 22957 | Tar:7    | Killed Ereshkigal
 22957 | Tar:7    | Reached skill level 10 in Evocations
 22969 | Tar:7    | Got a translucent lead amulet
 22969 | Tar:7    | Got a bone rune of Zot
 22972 | Tar:7    | Identified the amulet "Yvair" {Ward +Inv rPois rN+ Int-4 Slay+5} (You found it on level 7 of Tartarus)
 23058 | Hell     | Found a gateway to the freezing wastes of Cocytus.
 23067 | Coc:1    | Entered Level 1 of Cocytus
 23083 | Coc:1    | You are sucked into a shaft!
 23387 | Coc:7    | Entered Level 7 of Cocytus
 23478 | Coc:7    | HP: 11/261 [skeletal warrior/trident (17)]
 23833 | Coc:7    | Lost mutation: Your magical capacity is extremely low (-30% MP). [potion of cure mutation]
 23833 | Coc:7    | Lost mutation: Your magical capacity is very low (-20% MP). [potion of cure mutation]
 23833 | Coc:7    | Lost mutation: You have sharp toenails. [potion of cure mutation]
 23834 | Coc:7    | Lost mutation: Your magical capacity is low (-10% MP). [potion of cure mutation]
 23834 | Coc:7    | Lost mutation: Your system is resistant to poisons. [potion of cure mutation]
 23834 | Coc:7    | Lost mutation: Scrolls take you a little longer to read. [potion of cure mutation]
 23834 | Coc:7    | Lost mutation: You are somewhat resistant to further mutation. [potion of cure mutation]
 24132 | Coc:7    | Got an icy rune of Zot
 24158 | Coc:7    | Noticed Antaeus
 24255 | Hell     | Found a gateway to the Iron City of Dis.
 24267 | Dis:1    | Entered Level 1 of the Iron City of Dis
 24464 | Dis:5    | You fall through a shaft!
 24689 | Dis:6    | Was forgiven by Trog
 24692 | Dis:7    | Entered Level 7 of the Iron City of Dis
 24703 | Dis:7    | Noticed Dispater
 24711 | Dis:7    | Got an iron rune of Zot
 25053 | Vaults:2 | Found a staircase to the Crypt.
 25058 | Crypt:1  | Entered Level 1 of the Crypt
 25072 | Crypt:1  | Noticed Donald
 25183 | Crypt:3  | Entered Level 3 of the Crypt
 25246 | Crypt:3  | Found an ancient bone altar of Kikubaaqudgha.
 25260 | Crypt:3  | Noticed an ancient lich
 25267 | Crypt:3  | Killed an ancient lich
 25273 | Crypt:3  | Noticed an ancient lich
 25376 | Crypt:3  | Found a staircase to the Tomb.
 25404 | Tomb:1   | Entered Level 1 of the Tomb of the Ancients
 25502 | Tomb:3   | Entered Level 3 of the Tomb of the Ancients
 25924 | Tomb:3   | Noticed an ancient lich
 25985 | Tomb:3   | Killed an ancient lich
 26118 | Tomb:3   | Got a golden rune of Zot
 26531 | Depths:5 | Entered Level 5 of the Depths
 26547 | Depths:5 | Noticed Saint Roka
 26549 | Depths:5 | Gained mutation: Scrolls take you a little longer to read. [a shining eye]
 26612 | Depths:5 | Killed Saint Roka
 26676 | Depths:5 | Found a gate to the Realm of Zot.
 26694 | Zot:1    | Entered Level 1 of the Realm of Zot
 26901 | Zot:5    | Entered Level 5 of the Realm of Zot
 26983 | Zot:5    | Got a warped steel ring
 26994 | Zot:5    | Identified the ring of Linubbuwk {*Drain +Fly rPois Str+3} (You found it on level 5 of the Realm of Zot)
 27050 | Zot:5    | Noticed an ancient lich
 27059 | Zot:5    | Noticed an orb of fire
 27088 | Zot:5    | Killed an orb of fire
 27264 | Zot:5    | Noticed an orb of fire
 27283 | Zot:5    | Killed an orb of fire
 27377 | Zot:5    | Noticed an orb of fire
 27385 | Zot:5    | Gained mutation: You are frail (-10% HP). [an orb of fire]
 27388 | Zot:5    | Gained mutation: Armour fits poorly on your strangely shaped body. [an orb of fire]
 27393 | Zot:5    | Gained mutation: You are clumsy. (Dex -2) [an orb of fire]
 27395 | Zot:5    | Killed an orb of fire
 27529 | Zot:5    | Noticed an orb of fire
 27533 | Zot:5    | Gained mutation: You expend magic power (3 MP) to strengthen your wands. [an orb of fire]
 27540 | Zot:5    | Gained mutation: Your body sometimes deteriorates upon taking damage. [an orb of fire]
 27541 | Zot:5    | Killed an orb of fire
 27918 | Zot:5    | Got the Orb of Zot
 28021 | Zot:4    | Noticed Juon the pandemonium lord
 28027 | Zot:4    | Killed Juon the pandemonium lord
 28148 | Zot:4    | Noticed Tuypymn the pandemonium lord
 28224 | Zot:3    | HP: 5/234 [purple draconian/bolt of dispelling energy (33)]
 28227 | Zot:3    | HP: 1/234 [storm dragon/bolt of lightning (7)]
 28228 | Zot:3    | Slain by a storm dragon

Action                   |  1- 3 |  4- 6 |  7- 9 | 10-12 | 13-15 | 16-18 | 19-21 | 22-24 | 25-27 || total
-------------------------+-------+-------+-------+-------+-------+-------+-------+-------+-------++-------
Melee: Hand axe          |    15 |    68 |    67 |       |       |       |       |       |       ||   150
       Battleaxe         |       |       |   109 |   192 |   818 |   886 |  1449 |   214 |  2883 ||  6551
       Unarmed           |       |       |       |       |       |       |    10 |       |       ||    10
Throw: Throwing net      |       |       |       |       |       |       |       |       |     1 ||     1
 Cast: Apportation       |       |       |       |       |       |       |     3 |     3 |    42 ||    48
       Blink             |       |       |       |       |       |       |     1 |       |     4 ||     5
       Passage of Golubr |       |       |       |       |       |       |       |       |    80 ||    80
Invok: Berserk           |     2 |     4 |     3 |     7 |    17 |    21 |     4 |       |       ||    58
       Trog's Hand       |       |       |     4 |     8 |    26 |    43 |    19 |       |       ||   100
       Brothers in Arms  |       |       |       |       |     3 |    10 |       |       |       ||    13
       Burn Spellbooks   |       |       |       |       |       |     1 |     1 |       |       ||     2
       Divine Shield     |       |       |       |       |       |       |     4 |     5 |    35 ||    44
       Summon Divine War |       |       |       |       |       |       |     3 |       |    29 ||    32
       Brand Weapon With |       |       |       |       |       |       |     1 |       |       ||     1
       Cleansing Flame   |       |       |       |       |       |       |       |       |    29 ||    29
 Abil: Evoke Berserk Rag |       |       |       |       |       |       |     4 |     8 |     1 ||    13
       Evoke Teleportati |       |       |       |       |       |       |       |     1 |   285 ||   286
Evoke: Deck              |       |       |       |       |     1 |       |       |       |       ||     1
       Wand              |       |       |       |       |     1 |     7 |    12 |       |    15 ||    35
       Sack of spiders   |       |       |       |       |     1 |     1 |       |       |       ||     2
       Phial of floods   |       |       |       |       |     1 |       |       |       |     1 ||     2
       Lamp of fire      |       |       |       |       |       |       |     2 |       |       ||     2
  Use: Scroll            |       |       |    10 |     9 |    18 |    22 |    22 |     6 |    22 ||   109
       Potion            |       |       |     1 |     1 |     2 |    10 |    19 |     5 |    34 ||    72
 Stab: Distracted        |       |       |       |       |     1 |     1 |       |       |       ||     2
       Invisible         |       |       |       |       |       |     6 |       |       |       ||     6
  Eat: Chunk             |       |     7 |     7 |    15 |    42 |    19 |    22 |       |       ||   112
       Beef jerky        |       |       |     1 |       |     2 |     1 |     2 |     1 |     5 ||    12
       Royal jelly       |       |       |     1 |       |       |     6 |     8 |     4 |     6 ||    25
       Pizza             |       |       |       |       |     5 |     3 |     4 |     1 |     2 ||    15
       Fruit             |       |       |       |       |       |    14 |     5 |       |     2 ||    21
       Bread ration      |       |       |       |       |       |       |       |       |    18 ||    18
       Meat ration       |       |       |       |       |       |       |       |       |    12 ||    12
